 Dungeon Crawl Stone Soup version 0.30-b1-2-g02819fbbbe (webtiles) character file.

Game seed: 7717931503748219009

74 Alarkh the Charlatan (level 4, 34/34 HPs)
             Began as a Demonspawn Artificer on Nov 27, 2023.
             Got out of the dungeon alive.
             The game lasted 00:01:53 (1854 turns).

Alarkh the Charlatan (Demonspawn Artificer)         Turns: 1854, Time: 00:01:53

Health: 34/34      AC:  3    Str: 12    XL:     4   Next: 10%
Magic:  4/4        EV: 11    Int: 15    God:
Gold:   65         SH:  0    Dex: 13    Spells: 3/3 levels left

rFire   . . .        a - +0 dagger (drain)
rCold   . . .        (no shield)
rNeg    . . .        b - +0 leather armour
rPois   .            (helmet restricted)
rElec   .            (no cloak)
rCorr   .            (no gloves)
SInv    .            (no boots)
Will    .....        (no amulet)
Stlth   +            (no ring)
HPRegen 0.25/turn    (no ring)
MPRegen 0.09/turn

%: no passive effects
@: no status effects
A: claws 1, horns 1
a: no special abilities


You escaped.
You visited 1 branch of the dungeon, and saw 2 of its levels.

You collected 65 gold pieces.

Inventory:

Hand Weapons
 a - a +0 dagger of draining (weapon)
Armour
 b - a +0 leather armour (worn)
Wands
 c - a wand of flame (5) (quivered)
 d - a wand of charming (15)
 e - a wand of iceblast (5)
Scrolls
 i - a scroll of acquirement {unknown}
 j - a scroll of amnesia {unknown}
 n - 2 scrolls of identify {unknown}
Potions
 f - a potion of mutation {unknown}
 g - 2 potions of lignification {unknown}
 h - 2 potions of curing {unknown}
 k - a potion of cancellation {unknown}
 l - a potion of haste {unknown}
 m - a potion of attraction {unknown}
 o - a potion of flight {unknown}
 p - a potion of invisibility {unknown}
 q - a potion of berserk rage {unknown}


   Skills:
 + Level 2.8 Fighting
 - Level 1.7 Armour
 - Level 0.8 Dodging
 - Level 0.8 Stealth
 * Level 2.3 Unarmed Combat
 - Level 3.0 Evocations


You had 3 spell levels left.
You didn't know any spells.
Your spell library was empty.

Dungeon Overview and Level Annotations

Branches:
Dungeon (2/15)

Altars:
Xom


Innate Abilities, Weirdness & Mutations

You have sharp fingernails.
You have a pair of small horns on your head.


Message History

The jackal bites you.
You closely miss the jackal.
The jackal is moderately wounded.
The jackal closely misses you.
The jackal bites you but does no damage.
You barely miss the jackal. You headbutt the jackal.
The jackal is heavily wounded.
The jackal closely misses you.
You hit the jackal but do no damage. You drain the jackal.
You kill the jackal!
You barely miss the jackal. Your headbutt misses the jackal.
The jackal completely misses you.
The jackal bites you but does no damage.
You hit the jackal but do no damage. The jackal closely misses you.
You hit the jackal but do no damage. You drain the jackal.
Your headbutt misses the jackal.
The jackal is heavily wounded.
The jackal bites you but does no damage.
You barely miss the jackal.
You headbutt the jackal, but do no damage.
The jackal is heavily wounded.
The jackal barely misses you. The jackal closely misses you.
You hit the jackal. You drain the jackal.
You kill the jackal!
No target in view!
No target in view!
No target in view!
No target in view!
No target in view!
No target in view!
No target in view!
No target in view!
No target in view!
No target in view!
Things that are here:
a jackal corpse; a jackal corpse
There is an open door here.
There is a staircase leading out of the dungeon here.
Are you sure you want to leave the Dungeon?
This will make you lose the game!
You have escaped!

#######
#.....#
#.....#
#.##@.#
#.....#
#.....#
#'#####
###.##
#....#
##....#
#.....#
#.....+


There were no monsters in sight!

Vanquished Creatures
  An adder (D:2)
  4 worms (D:2)
  A dart slug (D:2)
  5 bats
  6 endoplasms
  3 giant cockroaches (D:1)
  5 goblins
  4 hobgoblins
  3 jackals (D:1)
  4 kobolds
  2 quokkas
  A ball python (D:2)
  3 frilled lizards
  4 rats
46 creatures vanquished.

Notes
Turn   | Place    | Note
-------+----------+-------------------------------------------
     0 | D:1      | Alarkh the Demonspawn Artificer began the quest for the
                  | Orb.
     0 | D:1      | Reached XP level 1. HP: 15/15 MP: 1/1
   244 | D:1      | Discovered your monstrous ancestry.
   244 | D:1      | Gained mutation: You have sharp fingernails. [demonic
                  | ancestry]
   244 | D:1      | Reached XP level 2. HP: 22/22 MP: 2/2
   551 | D:1      | You fall into a shaft and drop 1 floor!
   644 | D:2      | Reached skill level 1 in Unarmed Combat
   798 | D:2      | Found a shimmering altar of Xom.
   844 | D:2      | Reached XP level 3. HP: 18/28 MP: 3/3
   912 | D:2      | Found a faded altar of an unknown god.
  1751 | D:1      | Gained mutation: You have a pair of small horns on your
                  | head. [demonic ancestry]
  1751 | D:1      | Reached XP level 4. HP: 33/34 MP: 4/4
  1854 | D:$      | Got out of the dungeon alive.

Illustrated notes

Levels and vault maps discovered:
D:1:      dpeg_arrival_rooms_b, layout_loops_cross
D:2:      minmay_diamond_boxcup, layout_loops_ring, basic_altar,
          hellmonk_ecumenical_altar_crossroads

Skill      XL: |  1  2  3 |
---------------+----------+-----
Fighting       | 2 |  2.8
Unarmed Combat | 1 2 |  2.3
Armour         | |  1.7
Dodging        | |  0.8
Stealth        | |  0.8
Evocations     | |  3.0

Action                     |  1- 3 |  4- 6 || total
---------------------------+-------+-------++-------
  Melee: Club              |    24 |       ||    24
         Short sword       |    43 |       ||    43
         Dagger            |   114 |    18 ||   132
         Punch             |     2 |       ||     2
         Headbutt          |       |     6 ||     6
  Evoke: Wand              |    10 |       ||    10
   Stab: Sleeping          |     2 |       ||     2
 Armour: Leather armour    |    57 |     9 ||    66
  Dodge: Dodged            |    94 |     9 ||   103
